 Dungeon Crawl Stone Soup version 0.26.1-11-gd32895ea62 (webtiles) character file.

Game seed: 1527695063357435147

82 Zeld the Sneak (level 4, -6/29 HPs)
             Began as an Octopode Brigand on May 14, 2021.
             Mangled by a gnoll
             ... wielding a +0 club
              (9 damage)
             ... on level 2 of the Dungeon.
             The game lasted 00:02:04 (2110 turns).

Zeld the Sneak (Octopode Brigand)                   Turns: 2110, Time: 00:02:04

Health: -6/29      AC:  1    Str: 11    XL:     4   Next: 43%
Magic:  6/6        EV: 13    Int: 13    God:
Gold:   139        SH:  0    Dex: 13    Spells: 6/6 levels left

rFire    . . .     SeeInvis .   a - +2 dagger
rCold    . . .     Faith    .   (no shield)
rNeg     . . .     Spirit   .   (helmet restricted)
rPois    .         Reflect  .   (no amulet)
rElec    .         Harm     .   (no ring)
rCorr    .         Rampage  .   (no ring)
Will     .....                  (no ring)
Stlth    ++++......             (no ring)
HPRegen  0.09/turn              (no ring)
MPRegen  0.10/turn              (no ring)
                                (no ring)
                                (no ring)

@: lethally poisoned (-6 -> -20), attractive, hasted, very quick
A: almost no armour, stealthy swim, amphibious, 8 rings, constrict 8, camouflage
1, gelatinous body 1
a: no special abilities


You were on level 2 of the Dungeon.
You visited 1 branch of the dungeon, and saw 4 of its levels.

You collected 139 gold pieces.

Inventory:

Hand Weapons
 a - a +2 dagger (weapon)
Missiles
 b - 8 poisoned darts (quivered)
 c - 2 curare-tipped darts
Scrolls
 d - a scroll of enchant armour {unknown}
 e - 3 scrolls of identify {unknown}
 f - 3 scrolls of remove curse {unknown}
 g - a scroll of enchant weapon {unknown}
 h - a scroll of fog {unknown}
 k - a scroll of immolation {unknown}


   Skills:
 - Level 2.0 Fighting
 * Level 3.9 Short Blades
 - Level 2.0 Throwing
 - Level 1.0 Dodging
 - Level 5.3 Stealth
 + Level 1.8 Spellcasting


You had 6 spell levels left.
You didn't know any spells.
Your spell library was empty.

Dungeon Overview and Level Annotations

Branches:
Dungeon (4/15)
 Temple: D:4-7

Altars:


Innate Abilities, Weirdness & Mutations

You cannot wear most types of armour.
You are very stealthy in the water. (Stealth+)
You are amphibious.
You can wear up to eight rings at the same time.
You can use your tentacles to constrict eight enemies at once.
Your skin changes colour to match your surroundings (Stealth+).
Your rubbery body absorbs attacks. (AC +1, EV +1)


Message History

You see here a poisoned dart.
* * * LOW HITPOINT WARNING * * *
You feel sick.
You feel yourself speed up.
* * * LOW HITPOINT WARNING * * *
You feel sick.
* * * LOW HITPOINT WARNING * * *
You feel sick.
* * * LOW HITPOINT WARNING * * *
You feel sick.
* * * LOW HITPOINT WARNING * * *
You feel sick.
It was a potion of attraction.
You feel attractive to monsters.
* * * LOW HITPOINT WARNING * * *
You feel sick. The gnoll is pulled toward you!
You completely miss the gnoll. You grab the gnoll.
You constrict the gnoll, but do no damage.
The gnoll hits you with a +0 club!
You die...

..........# #....#......#.###..##
....(.g...###....##.....#.###..##
.....(#.#..##...........#........
####.##...(.............######..#
#....................####....#
########g#.............##.##.#
#)##..........#.##.##.#
#.##..........#.##.##.#
#(#..g@.....###........
#.(.#####.#.# ###.###.# ##....#
#.#.# #....<# ##.##.# #.#.###
#..#..# #####.....###.....#
#..#..# #...........#.###.#
#..##.# #...........#.###.#
#..#... #...............# #
#..#... #...........#.#.# #..#.##


You could see a gnoll.

Vanquished Creatures
  A hound skeleton (D:3)
  A gnoll (D:2)
  2 adders
  3 dart slugs
  2 leopard geckos
  A bat (D:2)
  2 giant cockroaches
  3 goblins
  4 hobgoblins
  4 jackals (D:2)
  3 kobolds (D:1)
  3 frilled lizards
  4 rats
33 creatures vanquished.

Vanquished Creatures (others)
  A plant (D:1)
1 creature vanquished.

Grand Total: 34 creatures vanquished

Notes
Turn   | Place    | Note
-------+----------+-------------------------------------------
     0 | D:1      | Zeld the Octopode Brigand began the quest for the Orb.
     0 | D:1      | Reached XP level 1. HP: 14/14 MP: 1/1
   199 | D:3      | Reached XP level 2. HP: 19/19 MP: 1/3
   289 | D:3      | Reached skill level 1 in Spellcasting
   391 | D:1      | Reached XP level 3. HP: 24/24 MP: 4/4
  1258 | D:2      | Reached XP level 4. HP: 18/29 MP: 6/6
  2110 | D:2      | Mangled by a gnoll

Illustrated notes

Levels and vault maps discovered:
D:1:      saegor_arrival_simple_d, layout_basic, serial_bayou_lake_a
D:2:      layout_basic, minmay_tromino_v2
D:3:      wad_pebble_path, layout_loops_corners,
          chequers_ecumenical_altar_simple, uniq_crazy_yiuf_cottage
D:4:      layout_basic, minmay_temple_entry_glassed_door, xom_confusion_cloud,
          uniq_natasha

Skill      XL: |  1  2 |
---------------+-------+-----
Spellcasting   | 1 |  1.8
Short Blades   | 3 |  3.9
Fighting       | |  2.0
Throwing       | |  2.0
Dodging        | |  1.0
Stealth        | |  5.3

Action                   |  1- 3 |  4- 6 || total
-------------------------+-------+-------++-------
Melee: Dagger            |    45 |    29 ||    74
       Constrict         |     9 |     7 ||    16
       Tentacles         |     6 |     5 ||    11
  Use: Potion            |       |     2 ||     2
 Stab: Sleeping          |    13 |       ||    13
       Distracted        |       |     1 ||     1
Armor: Skin              |     1 |       ||     1
Dodge: Dodged            |    20 |    34 ||    54
